 Dungeon Crawl Stone Soup version 0.29-a0-643-ga013cefcf8 (webtiles) character file.

Game seed: 8228104553800499821

1456 mandarbmax the Tainter (level 8, -7/66 (75) HPs)
             Began as a Naga Venom Mage on June 19, 2022.
             Was a Believer of Jiyva.
             Mangled by a wight
             ... wielding a +4 flail
              (11 damage)
             ... on level 6 of the Dungeon.
             The game lasted 00:20:57 (6271 turns).

mandarbmax the Tainter (Naga Venom Mage)            Turns: 6271, Time: 00:20:58

HP:   -7/66 (75)    AC:  5    Str: 20    XL:     8   Next: 76%
MP:   9/14          EV:  9    Int: 17    God:    Jiyva [**....]
Gold: 92            SH:  0    Dex: 16    Spells: 7/15 levels left

rFire   + + .      SeeInvis +   s - +5 mace "Beetleslayer" {elec, Str+5}
rCold   . . .      Faith    .   t - orb {*channel}
rNeg    . . .      Spirit   .   v - +0 ring mail "Baar" {rElec rF++ rCorr Dex+4}
rPois   +          Reflect  .   (no helmet)
rElec   +          Harm     .   (no cloak)
rCorr   +          Rampage  .   (no gloves)
Will    +....                   (no barding)
Stlth   ++........              (no amulet)
HPRegen 1.17/turn               A - ring of Veiluu {Fly Str+4}
MPRegen 0.44/turn               (no ring)

@: flying, very slightly contaminated, heavily drained, very slow
A: AC +2, large, see invisible, deformed body, poison resistance, slowness 2,
spit poison 1, naga tail 1
a: Spit Poison, Renounce Religion


You were on level 6 of the Dungeon.
You worshipped Jiyva.
Jiyva was pleased with you.
You visited 2 branches of the dungeon, and saw 8 of its levels.
You also visited: Ossuary.

You collected 224 gold pieces.
You spent 132 gold pieces at shops.

Inventory:

Hand Weapons
 m - a +1 long sword of holy wrath
 r - a +1 dagger of venom
 s - the +5 mace "Beetleslayer" (weapon) {elec, Str+5}
   (You took it off a kobold on level 2 of the Dungeon)

   It occasionally discharges a powerful burst of electricity upon striking a
   foe.
   Str:       It affects your strength (+5).
Armour
 p - +0 storm dragon scales
 t - an orb of energy (worn)
 v - the +0 ring mail "Baar" (worn) {rElec rF++ rCorr Dex+4}
   (You found it on level 2 of the Dungeon)

   Dex:       It affects your dexterity (+4).
   rF:        It greatly protects you from fire.
   rElec:     It insulates you from electricity.
   rCorr:     It protects you from acid and corrosion.
 B - a +2 robe of the Archmagi
Jewellery
 A - the ring of Veiluu (left hand) {Fly Str+4}
   (You found it on level 5 of the Dungeon)

   [ring of flight]

   Str:       It affects your strength (+4).
   Fly:       It grants you flight.
Scrolls
 a - 2 scrolls of immolation
 d - a scroll of fear {unknown}
 e - a scroll of brand weapon {unknown}
 g - 3 scrolls of enchant weapon {unknown}
 i - a scroll of silence {unknown}
 j - a scroll of enchant armour {unknown}
 l - 2 scrolls of magic mapping
 o - a scroll of torment {unknown}
 x - 2 scrolls of blinking
 y - a scroll of fog {unknown}
 C - 2 scrolls of amnesia {unknown}
 D - a scroll of vulnerability
 E - 2 scrolls of teleportation
Potions
 b - 2 potions of magic
 c - a potion of resistance
 f - a potion of attraction
 h - a potion of ambrosia
 n - 2 potions of curing
 q - a potion of flight {unknown}
 u - 2 potions of haste
 w - a potion of might {unknown}
 z - a potion of invisibility {unknown}


   Skills:
 * Level 5.4 Fighting
 + Level 2.3 Dodging
 - Level 3.0 Stealth
 - Level 4.0 Spellcasting
 - Level 2.0 Conjurations
 - Level 1.0 Transmutations
 - Level 8.0 Poison Magic
 - Level 5.0 Evocations


You had 7 spell levels left.
You knew the following spells:

 Your Spells              Type           Power      Damage    Failure   Level
a - Sting                 Tmut/Pois      72%        1d6       4%          1
b - Mephitic Cloud        Conj/Pois/Air  14%        N/A       22%         3
c - Olgreb's Toxic Radia  Pois           30%        N/A       10%         4

Your spell library contained the following spells:

 Spells                   Type           Power      Damage    Failure   Level
 Poisonous Vapours        Pois/Air       34%        N/A       8%          2
 Passwall                 Tmut/Erth      4%         N/A       32%         2
 Ensorcelled Hibernation  Hex/Ice        6%         N/A       38%         2
 Inner Flame              Hex/Fire       3%         N/A       63%         3
 Swiftness                Air            3%         N/A       63%         3
 Cause Fear               Hex            1%         N/A       95%         4
 Discord                  Hex            1%         N/A       100%        8


Dungeon Overview and Level Annotations

Branches:
Dungeon (7/15)             Temple (1/1) D:5         Ossuary (visited)

Altars:
Elyvilon
Fedhas
Hepliaklqana
Makhleb
Nemelex Xobeh
Qazlal
Ru
Wu Jian
Xom
Zin
Jiyva

Shops:
D:4 *


Innate Abilities, Weirdness & Mutations

Your serpentine skin is tough. (AC +2)
You have supernaturally acute eyesight. (SInv)
Armour fits poorly on your strangely shaped body.
Your system is resistant to poisons. (rPois)
You cover ground very slowly.
You can spit poison.
You have a snake-like lower body.


Message History

Unknown command.
Unknown command.
You closely miss the wight. The wight hits you with a +4 flail!
You feel drained.
The black bear bites the wight but does no damage.
The black bear barely misses the wight. x2; The wight hits you with a +4 flail.
* * * LOW HITPOINT WARNING * * *
You feel drained.
* * * LOW HITPOINT WARNING * * *
You feel much better. The wight hits you with a +4 flail!
Okay, then.
You aren't carrying any items that you can evoke.
Okay, then.
You see here a sky beast corpse.
There is a stone staircase leading up here.
The wight hits you with a +4 flail!
* * * LOW HITPOINT WARNING * * *
You feel drained.
* * * LOW HITPOINT WARNING * * *
You hear a series of splatters.
You fly upwards.
There is a stone staircase leading down here.
You completely miss the wight. The wight hits you with a +4 flail!
* * * LOW HITPOINT WARNING * * *
Unknown command.
You feel much better. The wight hits you with a +4 flail!
You feel drained.
* * * LOW HITPOINT WARNING * * *
You hit the wight.
The wight is moderately damaged.
The wight hits you with a +4 flail.
* * * LOW HITPOINT WARNING * * *
Unknown command.
You hit the wight.
The wight is severely damaged.
The wight hits you with a +4 flail!
* * * LOW HITPOINT WARNING * * *
You feel drained.
* * * LOW HITPOINT WARNING * * *
The wight hits you with a +4 flail!
You die...

...##.......#.<...............#
#...................###########
#.########.######.### #.# #.#
#.# ..# #.# #.# ..########.#
#.# ...........# #####
..########## ##8.8## .......#
##.)@..##
######.######..z....##
#....##...###...## ####.#8.8##
##8.8# #.##'#######.##
#............# ###...########
#####


You could see a wight.

Vanquished Creatures
  Sigmund (D:3)
  2 sky beasts (D:7)
  An ice beast (D:6)
  An ogre (D:7)
  A phantom (D:4)
  Blork the orc (D:6)
  A necrophage (D:7)
  4 scorpions
  2 wights (D:7)
  5 hounds
  4 orc wizards
  10 mummies
  4 gnolls (D:5)
  4 adders
  2 ufetubi (D:5)
  A worm (D:2)
  14 orcs
  7 endoplasms
  4 giant cockroaches
  8 goblins
  5 hobgoblins
  4 quokkas
  3 ball pythons (D:2)
  6 bats
  4 frilled lizards
  2 gnoll skeletons (Ossuary)
  A goblin skeleton (Ossuary)
  5 kobolds
  A kobold skeleton (Ossuary)
  3 orc skeletons (Ossuary)
  6 rats
117 creatures vanquished.

Vanquished Creatures (others)
  A steam dragon (D:5)
  A phantom (D:5)
  9 jellies
  An iguana (D:6)
  3 mummies (Ossuary)
  2 gnolls (D:5)
  A dart slug (D:5)
  5 orcs
  2 quokkas
  A goblin skeleton (Ossuary)
  11 rat skeletons (Ossuary)
37 creatures vanquished.

Grand Total: 154 creatures vanquished

Notes
Turn   | Place    | Note
-------+----------+-------------------------------------------
     0 | D:1      | mandarbmax the Naga Venom Mage began the quest for the Orb.
     0 | D:1      | Reached XP level 1. HP: 15/15 MP: 3/3
   249 | D:1      | Reached XP level 2. HP: 17/22 MP: 0/5
   902 | D:1      | Found a faded altar of an unknown god.
  1163 | D:2      | Reached skill level 5 in Poison Magic
  1183 | D:2      | Reached XP level 3. HP: 28/28 MP: 6/6
  1385 | D:2      | Learned a level 3 spell: Mephitic Cloud
  1685 | D:2      | Identified the +5 mace "Beetleslayer" {elec, Str+5}
  1792 | D:2      | Found a glowing silver altar of Zin.
  1913 | D:2      | Reached skill level 6 in Poison Magic
  1916 | D:2      | Reached XP level 4. HP: 36/36 MP: 7/7
  1918 | D:2      | Identified the +0 ring mail "Baar" {rElec rF++ rCorr Dex+4}
  2305 | D:3      | Found an ornate altar of the Wu Jian Council.
  2307 | D:3      | Reached skill level 1 in Evocations
  2839 | D:3      | Noticed Sigmund
  2852 | D:3      | Killed Sigmund
  2853 | D:3      | Reached skill level 7 in Poison Magic
  2853 | D:3      | Reached XP level 5. HP: 42/42 MP: 1/9
  2853 | D:3      | Reached XP level 6. HP: 49/49 MP: 1/10
  2863 | D:3      | Learned a level 4 spell: Olgreb's Toxic Radiance
  3406 | D:4      | Found Pigubb's General Store.
  3414 | D:4      | Bought a scroll of blinking for 90 gold pieces
  3652 | D:5      | Entered Level 5 of the Dungeon
  3696 | D:4      | Bought a scroll of magic mapping for 42 gold pieces
  3727 | D:5      | Identified the ring of Veiluu {Fly Str+4}
  3733 | D:5      | Found a staircase to the Ecumenical Temple.
  3742 | Temple   | Entered the Ecumenical Temple
  3811 | Temple   | Became a worshipper of Jiyva Jimykh the Shapeless
  3841 | D:5      | Reached XP level 7. HP: 41/54 MP: 6/11
  3870 | D:5      | Found a sand-covered staircase.
  3882 | Ossuary  | Entered an ossuary
  4041 | Ossuary  | Reached skill level 1 in Fighting
  5222 | D:5      | Killed a steam dragon
  5361 | D:5      | Reached * piety under Jiyva
  5558 | D:6      | Noticed Blork the orc
  5570 | D:6      | Killed Blork the orc
  5572 | D:6      | Reached skill level 8 in Poison Magic
  5572 | D:6      | Reached XP level 8. HP: 56/72 MP: 2/13
  5893 | D:6      | Reached ** piety under Jiyva
  6055 | D:6      | Reached skill level 5 in Fighting
  6101 | D:6      | Found a stormy altar of Qazlal.
  6215 | D:7      | Reached skill level 1 in Conjurations
  6254 | D:7      | Reached skill level 5 in Evocations
  6271 | D:6      | Mangled by a wight

Illustrated notes

Levels and vault maps discovered:
D:1:      wander_arrival_peaceful_grave, layout_basic,
          hellmonk_ecumenical_altar_leap_of_faith
D:2:      minmay_wonky_spiral, layout_basic, basic_altar, minmay_tetromino_o4
D:3:      kennysheep_the_goblin_king, layout_basic,
          nicolae_wu_jian_immortal_techniques, uniq_sigmund
D:4:      layout_rooms, serial_shops, shop_statue
D:5:      layout_gridville, minmay_temple_entry_antechambers,
          gup_ossuary_entry_pyramid
D:6:      layout_loops_ring, mainiacjoe_overflow_surrounded_room,
          grunt_ministairs_8, uniq_blork_the_orc
D:7:      layout_rooms, tso_altar, chequers_serial_rivers_micro_e
Temple:   pf_slime_end_temple

Skill      XL: |  1  2  3  4  5  6  7  8 |
---------------+-------------------------+-----
Dodging        | 2 |  2.3
Poison Magic   | 5 6 7 8 |  8.0
Evocations     | 2 3 4 5 |  5.0
Spellcasting   | 3 4 |  4.0
Fighting       | 4 5 |  5.4
Conjurations   | 2 |  2.0
Stealth        | |  3.0
Transmutations | |  1.0

Action                   |  1- 3 |  4- 6 |  7- 9 || total
-------------------------+-------+-------+-------++-------
Melee: Unarmed           |     5 |       |       ||     5
       Long sword        |    21 |       |       ||    21
       Mace              |     2 |    13 |   123 ||   138
 Cast: Sting             |    41 |    37 |       ||    78
       Mephitic Cloud    |     2 |     1 |     4 ||     7
       Olgreb's Toxic Ra |       |     4 |    10 ||    14
 Abil: Spit Poison       |    26 |    12 |     7 ||    45
  Use: Scroll            |       |     8 |     3 ||    11
       Potion            |       |       |     3 ||     3
 Stab: Sleeping          |     1 |       |     1 ||     2
       Confused          |     1 |       |       ||     1
Armor: Robe              |    12 |       |       ||    12
       Ring mail         |       |     5 |    44 ||    49
Dodge: Dodged            |    19 |    14 |    79 ||   112

Table legend: (Time is in decaauts)
 A = Elapsed time spent in this place.
 B = Non-inter-level travel time spent in this place.
 C = Inter-level travel time spent in this place.
 D = Time resting spent in this place.
 E = Time spent auto-exploring this place.
 F = Levels seen in this place.
 G = Mean time per level.
                   A        B        C        D        E       F      G
               +--------+--------+--------+--------+--------+-----+--------+
         Total |   7774 |   7534 |    240 |    748 |   5309 |   9 |  863.8 |
       Dungeon |   6684 |   6468 |    216 |    236 |   5122 |   7 |  954.9 |
        Temple |    120 |     97 |     23 |      0 |      0 |   1 |  120.0 |
       Ossuary |    969 |    969 |      0 |    512 |    186 |   1 |  969.0 |
               +--------+--------+--------+--------+--------+-----+--------+

Top non-repeatable levels by time:
     D:2: 1458 daAuts
     D:3: 1316 daAuts
     D:1: 1170 daAuts
     D:5: 987 daAuts
     D:6: 986 daAuts
 Ossuary: 969 daAuts
     D:4: 687 daAuts
  Temple: 120 daAuts
     D:7: 78 daAuts
